 Dungeon Crawl Stone Soup version 0.16.1-18-g436b03c (webtiles) character file.

131 Mellonil the Skirmisher (level 5, -1/37 HPs)
             Began as an Octopode Fighter on May 8, 2015.
             Slain by Alarkh's ghost (8 damage)
             ... on level 4 of the Dungeon.
             The game lasted 00:12:30 (2357 turns).

Mellonil the Skirmisher (Octopode Fighter)          Turns: 2357, Time: 00:12:30

Health: -1/37      AC:  1    Str: 16    XL:     5   Next: 14%
Magic:  5/5        EV: 11    Int: 10    God:
Gold:   118        SH:  9    Dex: 12    Spells: 0 memorised, 4 levels left

rFire  + . .     SeeInvis .     a - +1 long sword
rCold  . . .     Clarity  .     c - +0 shield
rNeg   . . .     SustAb   .     (helmet restricted)
rPois  .         Gourm    .     (no amulet)
rElec  .         Spirit   .     u - ring of protection from fire
rCorr  .         Warding  .     (no ring)
rMut   .         Stasis   .     (no ring)
MR     .....                    (no ring)
Stlth  ++........               (no ring)
                                (no ring)
                                (no ring)
                                (no ring)

@: not resistant to hostile enchantments, unstealthy
A: almost no armour, amphibious, 8 rings, constrict 8, camouflage 1, gelatinous
body 1
a: no special abilities


You were on level 4 of the Dungeon.
You were not hungry.

You visited 1 branch of the dungeon, and saw 4 of its levels.

You collected 118 gold pieces.

Inventory:

Hand weapons
 a - a +1 long sword (weapon)
 v - a +0 dagger of draining
Missiles
 k - 40 stones (quivered)
 x - 9 poisoned needles
Armour
 c - a +0 shield (worn)
Jewellery
 i - an uncursed amulet of faith
 m - an uncursed amulet of rage {unknown}
 u - a ring of protection from fire (left tentacle)
Scrolls
 b - a scroll of enchant weapon
 n - 2 scrolls of teleportation
Potions
 e - a potion of might
 l - a potion of flight {unknown}
 r - 2 potions of curing {unknown}
 t - a potion of invisibility {unknown}
 z - a potion of restore abilities {unknown}
Comestibles
 d - 2 bread rations
 o - 2 meat rations
 s - a slice of pizza


   Skills:
 * Level 4.0 Fighting
 * Level 3.3 Long Blades
 + Level 3.5 Dodging
 + Level 3.6 Shields


You had 4 spell levels left.
You didn't know any spells.

Dungeon Overview and Level Annotations

Branches:
Dungeon (4/15)
 Temple: D:4-7

Altars:
The Shining One

Annotations:
D:2 Robin, Sigmund
D:4 Alarkh's ghost, experienced DsTm


Innate Abilities, Weirdness & Mutations

You cannot wear most types of armour.
You are amphibious.
You can wear up to eight rings at the same time.
You can use your tentacles to constrict many enemies at once.
Your skin changes colour to match your surroundings (Stealth).
Your rubbery body absorbs attacks (AC +1).


Message History

You start resting.
HP restored.
You start waiting.
Alarkh's ghost turns its malevolent gaze towards you.
You hit Alarkh's ghost. Your squeeze misses Alarkh's ghost.
Alarkh's ghost is lightly damaged.
Alarkh's ghost completely misses you. Alarkh's ghost hits you!
You hit Alarkh's ghost.
Alarkh's ghost is lightly damaged.
Alarkh's ghost hits you!
You barely miss Alarkh's ghost.
Alarkh's ghost is lightly damaged.
Alarkh's ghost hits you.
* * * LOW HITPOINT WARNING * * *
You are too injured to fight recklessly!
You are too injured to fight recklessly!
You hit Alarkh's ghost.
Alarkh's ghost is moderately damaged.
Alarkh's ghost hits you!
You die...

. ... .. ..
.### . ..#
(<. #.###
....
#@.<#......
##W.....>..
##.##......
#..# ....
#..## ..
#.## .. .W#
...


You could see Alarkh's ghost.

Vanquished Creatures
  An orc wizard (D:3)
  4 adders (D:3)
  A giant gecko (D:3)
  An ooze (D:1)
  6 orcs (D:3)
  2 giant cockroaches
  4 hobgoblins
  4 jackals (D:3)
  2 kobolds
  8 bats (D:1)
  A giant gecko skeleton (D:4)
  2 giant newts (D:1)
  12 goblins
  A quokka (D:3)
  13 rats
62 creatures vanquished.

Notes
Turn   | Place    | Note
--------------------------------------------------------------
     0 | D:1      | Mellonil, the Octopode Fighter, began the quest for the Orb.
     0 | D:1      | Reached XP level 1. HP: 16/16 MP: 1/1
   158 | D:1      | Reached XP level 2. HP: 21/21 MP: 2/2
   657 | D:1      | Reached XP level 3. HP: 26/26 MP: 3/3
   733 | D:2      | Noticed Sigmund
   831 | D:2      | Noticed Robin
  1138 | D:3      | Found a glowing golden altar of the Shining One.
  1429 | D:3      | Reached XP level 4. HP: 25/33 MP: 4/4
  1636 | D:3      | Reached skill level 4 in Fighting
  1839 | D:3      | Reached XP level 5. HP: 28/37 MP: 5/5
  2343 | D:4      | Noticed Alarkh's ghost (experienced DsTm)
  2357 | D:4      | Slain by Alarkh's ghost

Action                   |  1- 3 |  4- 6 || total
-------------------------+-------+-------++-------
Melee: Long sword        |    67 |    41 ||   108
  Use: Scroll            |       |     9 ||     9
 Stab: Sleeping          |       |     1 ||     1
  Eat: Chunk             |     2 |     3 ||     5
